Map: Ruins of Seras

Players

lesha

  • Race: Terran Terran

A.I. 1 (Very Hard) - Winner!

  • Race: Terran Terran

VOD

Have the link to the VOD?

Description

Time

  • Played on: Dec. 5, 2015, 3:16 a.m.
  • Length: 4:36
Show
View Real Time Build Order
Export as new Build Order

lesha Terran 

Build Orders:  

Get SALT Encoding   

  12  0:01  SCV  
  13  0:15  SCV  
  13  0:18  Supply Depot  
  14  0:27  SCV  
  15  0:40  SCV  
  15  0:41  Barracks  
  16  0:52  SCV  
  17  1:04  SCV  
  18  1:18  Command Center  
  18  1:24  SCV  
  19  1:31  Refinery  
  19  1:36  Refinery  
  19  1:37  Marine  
  20  1:44  Orbital Command  
  20  2:00  Marine  
  21  2:12  SCV  
  22  2:24  SCV  
  23  2:36  SCV  
  24  2:39  Barracks Tech Lab  
  24  2:42  Orbital Command  
  24  2:48  SCV  
  24  2:50  Factory  
  25  3:00  SCV  
  25  3:02  Bunker  
  26  3:12  SCV  
  27  3:15  SCV  
  27  3:17  Supply Depot  
  28  3:24  SCV  
  29  3:28  SCV  
  29  3:33  Marine  
  31  3:36  SCV  
  31  3:37  Factory Tech Lab  
  31  3:38  Starport  
  31  3:39  Supply Depot  
  31  3:40  SCV  
  33  3:49  SCV  
  33  3:51  Marine  
  33  3:52  SCV  
  36  4:02  SCV  
  36  4:03  Barracks  
  36  4:04  SCV, Barracks  
  37  4:14  SCV  
  37  4:16  Marine  
Show
View Real Time Build Order
Export as new Build Order

A.I. 1 (Very Hard) Terran - Winner!

Build Orders:  

Get SALT Encoding   

  12  0:00  SCV  
  13  0:13  SCV  
  14  0:20  Supply Depot  
  14  0:25  SCV  
  15  0:41  SCV  
  16  0:45  Barracks  
  16  0:47  Refinery  
  16  0:53  SCV  
  17  1:04  Barracks  
  17  1:05  SCV  
  18  1:17  SCV  
  19  1:32  Marine  
  20  1:35  Orbital Command  
  20  1:42  Barracks  
  20  1:50  Marine  
  20  1:51  Marine  
  22  1:59  Supply Depot  
  22  2:03  SCV  
  23  2:08  Barracks Tech Lab  
  23  2:09  Barracks Tech Lab  
  23  2:21  SCV  
  24  2:26  Marine  
  24  2:27  Marine  
  24  2:29  Stimpack, Marine  
  27  2:31  Concussive Shells  
  27  2:39  Supply Depot  
  27  2:44  Marine  
  27  2:45  Marine  
  27  2:46  Marine  
  27  2:48  SCV  
  31  3:02  Marauder  
  31  3:04  Marine, Marauder  
  36  3:09  Supply Depot  
  36  3:22  Marine  
  36  3:23  Marine  
  36  3:24  SCV  
  39  3:30  Marine  
  39  3:32  Supply Depot  
  40  3:40  Marine  
  41  3:41  Marauder  
  43  3:49  Marauder  
  43  3:52  Refinery  
  45  4:03  Marauder  
  45  4:08  Supply Depot  
  45  4:10  Marauder  
  45  4:15  SCV  
  49  4:35  Factory  
Tags
 
Add a new tag
Caveats
  • Supply blocks, unpowered buildings, or Contaminate may cause inaccurate times.
  • Supply counts are checked every 10 seconds.